PCL
CALGARY COWBOYS @ ALBUQUERQUE ISOTOPES
09/02/2026
 
TOP OF THE 1ST
Calgary Cowboys batting - Pitching for Albuquerque Isotopes : RHP Jesús Silva
Pitching: RHP Jesús Silva
Batting: RHB Shayne Burry 0-0: Ball
1-0: Called Strike
1-1: Called Strike
1-2: SINGLE (Groundball, 6MD)
Batting: RHB Jesús Hernández 0-0: Called Strike
0-1: Ball
1-1: Foul Ball, location: 2F
1-2: Ball
2-2: Grounds into double play, 1-6-3 (Groundball, 13S)
Batting: LHB Miguel Pérez 0-0: Called Strike
0-1: SINGLE (Line Drive, 8LS)
Batting: RHB Clark Hodge 0-0: Called Strike
0-1: SINGLE (Line Drive, 8RS)
Miguel Pérez to second
Batting: RHB Ramón Martínez 0-0: Called Strike
0-1: Ground out 4-3 (Groundball, 34)
Top of the 1st over - 0 run(s), 3 hit(s), 0 error(s), 2 left on base; Calgary 0 - Albuquerque 0
BOTTOM OF THE 1ST
Albuquerque Isotopes batting - Pitching for Calgary Cowboys : LHP Jim Sheppard
Pitching: LHP Jim Sheppard
Batting: RHB Dave Mullen 0-0: Ball
1-0: Foul Ball, location: 2F
1-1: Fly out, F8 (Flyball, 8RD)
Batting: RHB Alden Isenhood 0-0: Foul Ball, location: 2F
0-1: Foul Ball, location: 2F
0-2: Ball
1-2: Foul Ball, location: 2F
1-2: Ball
2-2: Ground out 6-3 (Groundball, 6)
Batting: LHB Fernando Ortíz 0-0: Ball
1-0: Ball
2-0: Called Strike
2-1: SINGLE (Line Drive, 89S)
Batting: RHB Lorenzo Ayala 0-0: Ball
Fernando Ortíz is caught stealing 2nd base
Bottom of the 1st over - 0 run(s), 1 hit(s), 0 error(s), 0 left on base; Calgary 0 - Albuquerque 0
TOP OF THE 2ND
Calgary Cowboys batting - Pitching for Albuquerque Isotopes : RHP Jesús Silva
Batting: RHB Dan Wyatt 0-0: Ball
1-0: Ball
2-0: Foul Ball, location: 2F
2-1: Ball
3-1: Base on Balls
Batting: RHB Mike Wilcox 0-0: Foul Ball, location: 2F
0-1: Ground out 5-3 (Groundball, 5S)
Dan Wyatt to second
Batting: LHB Freddy Herrera 0-0: Ground out 4-3 (Groundball, 34)
Dan Wyatt to third
Batting: RHB Mario Sánchez 0-0: Called Strike
0-1: Swinging Strike
0-2: Ball
1-2: Hit by Pitch
Batting: RHB Shayne Burry 0-0: Foul Ball, location: 2F
0-1: Foul Ball, location: 2F
0-2: Ball
1-2: Foul Ball, location: 2F
1-2: Foul Ball, location: 2F
1-2: Strikes out looking
Top of the 2nd over - 0 run(s), 0 hit(s), 0 error(s), 2 left on base; Calgary 0 - Albuquerque 0
BOTTOM OF THE 2ND
Albuquerque Isotopes batting - Pitching for Calgary Cowboys : LHP Jim Sheppard
Batting: RHB Lorenzo Ayala 0-0: Ball
1-0: Foul Ball, location: 2F
1-1: Ball
2-1: Foul Ball, location: 2F
2-2: Ball
3-2: Base on Balls
Batting: LHB Bernardo Montés 0-0: Called Strike
0-1: Fielders Choice at 2nd, 1-6 (Groundball, 15S)
Batting: RHB Sadayoshi Kato 0-0: Called Strike
0-1: Ball
1-1: Ball
2-1: Ball
3-1: Foul Ball, location: 2F
3-2: SINGLE (Groundball, 6MD)
Bernardo Montés to second
Batting: LHB A.J. Major 0-0: Fly out, F8 (Flyball, 8LD)
Runner from 2nd tags up, SAFE at 3rd, no throw
Batting: RHB Arturo García 0-0: Called Strike
0-1: Ball
1-1: Foul Ball, location: 2F
1-2: Ball
2-2: Ball
3-2: Ground out 5-3 (Groundball, 5)
Bottom of the 2nd over - 0 run(s), 1 hit(s), 0 error(s), 2 left on base; Calgary 0 - Albuquerque 0
TOP OF THE 3RD
Calgary Cowboys batting - Pitching for Albuquerque Isotopes : RHP Jesús Silva
Batting: RHB Jesús Hernández 0-0: Called Strike
0-1: Ball
1-1: Foul Ball, location: 2F
1-2: Fly out, F2 (Popup, 25F)
Batting: LHB Miguel Pérez 0-0: Ball
1-0: Called Strike
1-1: Ball
2-1: Ball
3-1: Foul Ball, location: 2F
3-2: Fly out, F3 (Line Drive, 34)
Batting: RHB Clark Hodge 0-0: Swinging Strike
0-1: Swinging Strike
0-2: Ground out 6-3 (Groundball, 6)
Top of the 3rd over - 0 run(s), 0 hit(s), 0 error(s), 0 left on base; Calgary 0 - Albuquerque 0
BOTTOM OF THE 3RD
Albuquerque Isotopes batting - Pitching for Calgary Cowboys : LHP Jim Sheppard
Batting: LHB António De Los Ángeles 0-0: Foul Ball, location: 2F
0-1: Ball
1-1: Ball
2-1: Ball
3-1: Foul Ball, location: 2F
3-2: Strikes out swinging
Batting: RHB Dave Mullen 0-0: Ball
1-0: Called Strike
1-1: Ball
2-1: Ground out 1-3 (Groundball, 15)
Batting: RHB Alden Isenhood 0-0: Ball
1-0: Foul Ball, location: 2F
1-1: Ball
2-1: DOUBLE (Flyball, 8RM)
Batting: LHB Fernando Ortíz 0-0: Ball
1-0: Fly out, F8 (Line Drive, 8RM)
Bottom of the 3rd over - 0 run(s), 1 hit(s), 0 error(s), 1 left on base; Calgary 0 - Albuquerque 0
TOP OF THE 4TH
Calgary Cowboys batting - Pitching for Albuquerque Isotopes : RHP Jesús Silva
Batting: RHB Ramón Martínez 0-0: Ball
1-0: Called Strike
1-1: Ground out 5-3 (Groundball, 5S)
Batting: RHB Dan Wyatt 0-0: Ball
1-0: Foul Ball, location: 2F
1-1: Ball
2-1: SINGLE (Line Drive, 8RS)
Batting: RHB Mike Wilcox 0-0: Ball
1-0: Called Strike
1-1: Ball
2-1: Called Strike
2-2: Strikes out swinging
Batting: LHB Freddy Herrera 0-0: Foul Ball, location: 2F
0-1: Called Strike
0-2: Ball
1-2: Foul Ball, location: 2F
1-2: Foul Ball, location: 2F
1-2: Ball
2-2: Ball
3-2: Base on Balls
Dan Wyatt to second
Batting: RHB Mario Sánchez 0-0: Ball
1-0: Ground out 6-3 (Groundball, 6)
Top of the 4th over - 0 run(s), 1 hit(s), 0 error(s), 2 left on base; Calgary 0 - Albuquerque 0
BOTTOM OF THE 4TH
Albuquerque Isotopes batting - Pitching for Calgary Cowboys : LHP Jim Sheppard
Batting: RHB Lorenzo Ayala 0-0: Ground out 5-3 (Groundball, 5L)
Batting: LHB Bernardo Montés 0-0: Foul Ball, location: 2F
0-1: Swinging Strike
0-2: Ball
1-2: Strikes out swinging
Batting: RHB Sadayoshi Kato 0-0: Ball
1-0: Foul Ball, location: 2F
1-1: Foul Ball, location: 2F
1-2: Ball
2-2: Strikes out looking
Bottom of the 4th over - 0 run(s), 0 hit(s), 0 error(s), 0 left on base; Calgary 0 - Albuquerque 0
TOP OF THE 5TH
Calgary Cowboys batting - Pitching for Albuquerque Isotopes : RHP Jesús Silva
Batting: RHB Shayne Burry 0-0: Ball
1-0: Called Strike
1-1: Foul Ball, location: 2F
1-2: Ball
2-2: Foul Ball, location: 2F
2-2: Foul Ball, location: 2F
2-2: Ball
3-2: Ground out 4-3 (Groundball, 4)
Batting: RHB Jesús Hernández 0-0: Foul Ball, location: 2F
0-1: Ball
1-1: Called Strike
1-2: Foul Ball, location: 2F
1-2: Ball
2-2: Ball
3-2: Base on Balls
Pitching: RHP Kenny Skinner
Batting: LHB Miguel Pérez 0-0: Foul Ball, location: 2F
0-1: Swinging Strike
0-2: Foul Ball, location: 2F
0-2: Ball
1-2: Strikes out swinging
Batting: RHB Clark Hodge 0-0: Ball
1-0: Called Strike
1-1: Ball
2-1: Foul Ball, location: 2F
2-2: Foul Ball, location: 2F
2-2: Ball
3-2: SINGLE (Groundball, 56D)
Jesús Hernández to second
Jesús Hernández to third
Batting: RHB Ramón Martínez 0-0: Foul Ball, location: 2F
0-1: Ball
1-1: Foul Ball, location: 2F
1-2: Strikes out looking
Top of the 5th over - 0 run(s), 1 hit(s), 0 error(s), 2 left on base; Calgary 0 - Albuquerque 0
BOTTOM OF THE 5TH
Albuquerque Isotopes batting - Pitching for Calgary Cowboys : LHP Jim Sheppard
Batting: LHB A.J. Major 0-0: Called Strike
0-1: Ball
1-1: Foul Ball, location: 2F
1-2: Ball
2-2: Foul Ball, location: 2F
2-2: Foul Ball, location: 2F
2-2: Foul Ball, location: 2F
2-2: Strikes out swinging
Batting: RHB Arturo García 0-0: SINGLE (Line Drive, 7S)
Batting: LHB António De Los Ángeles 0-0: Called Strike
0-1: Ball
1-1: Foul Ball, location: 2F
1-2: Ball
2-2: Foul Ball, location: 2F
2-2: Foul Ball, location: 2F
2-2: Strikes out swinging
Arturo García steals 2nd base
Batter strikes out.
Batting: RHB Dave Mullen 0-0: Called Strike
0-1: Ground out 4-3 (Groundball, 4M)
Bottom of the 5th over - 0 run(s), 1 hit(s), 0 error(s), 1 left on base; Calgary 0 - Albuquerque 0
TOP OF THE 6TH
Calgary Cowboys batting - Pitching for Albuquerque Isotopes : RHP Kenny Skinner
Batting: RHB Dan Wyatt 0-0: Called Strike
0-1: Foul Ball, location: 2F
0-2: Foul Ball, location: 2F
0-2: Ball
1-2: Foul Ball, location: 2F
1-2: Ball
2-2: Foul Ball, location: 2F
2-2: Ground out 1-3 (Groundball, 13S)
Batting: RHB Mike Wilcox 0-0: Ball
1-0: Ball
2-0: Ball
3-0: Base on Balls
Batting: LHB Freddy Herrera 0-0: Called Strike
0-1: Ball
1-1: SINGLE (Line Drive, 4M)
Mike Wilcox to second
Pitching: RHP Juan Marín
Batting: RHB Mario Sánchez 0-0: Called Strike
0-1: Foul Ball, location: 2F
0-2: Strikes out swinging
Batting: RHB Shayne Burry 0-0: Called Strike
0-1: Ball
1-1: Ball
2-1: Ball
3-1: Swinging Strike
3-2: Foul Ball, location: 2F
3-2: Foul Ball, location: 2F
3-2: Base on Balls
Mike Wilcox to third
Freddy Herrera to second
Batting: RHB Jesús Hernández 0-0: Foul Ball, location: 2F
0-1: Called Strike
0-2: Strikes out looking
Top of the 6th over - 0 run(s), 1 hit(s), 0 error(s), 3 left on base; Calgary 0 - Albuquerque 0
BOTTOM OF THE 6TH
Albuquerque Isotopes batting - Pitching for Calgary Cowboys : LHP Jim Sheppard
Batting: RHB Alden Isenhood 0-0: Ball
1-0: Swinging Strike
1-1: Ground out 5-3 (Groundball, 56)
Batting: LHB Fernando Ortíz 0-0: Ball
1-0: Ball
2-0: Foul Ball, location: 2F
2-1: Ball
3-1: Base on Balls
Batting: RHB Lorenzo Ayala 0-0: Ball
1-0: Ball
2-0: Called Strike
2-1: Foul Ball, location: 2F
2-2: Strikes out looking
Batting: LHB Bernardo Montés 0-0: Ball
Fernando Ortíz is caught stealing 2nd base
Bottom of the 6th over - 0 run(s), 0 hit(s), 0 error(s), 0 left on base; Calgary 0 - Albuquerque 0
TOP OF THE 7TH
Calgary Cowboys batting - Pitching for Albuquerque Isotopes : RHP Juan Marín
Batting: LHB Miguel Pérez 0-0: Ball
1-0: Called Strike
1-1: Ball
2-1: Called Strike
2-2: Fly out, F7 (Flyball, 7LS)
Batting: RHB Clark Hodge 0-0: Called Strike
0-1: Ball
1-1: Foul Ball, location: 2F
1-2: Strikes out swinging
Batting: RHB Ramón Martínez 0-0: Called Strike
0-1: Called Strike
0-2: Ball
1-2: Strikes out swinging
Top of the 7th over - 0 run(s), 0 hit(s), 0 error(s), 0 left on base; Calgary 0 - Albuquerque 0
BOTTOM OF THE 7TH
Albuquerque Isotopes batting - Pitching for Calgary Cowboys : LHP Jim Sheppard
Batting: LHB Bernardo Montés 0-0: Swinging Strike
0-1: Ball
1-1: Fly out, F5 (Popup, 6)
Batting: RHB Sadayoshi Kato 0-0: Called Strike
0-1: Foul Ball, location: 2F
0-2: Strikes out swinging
Pinch Hitting: RHB Cristián Herrera 0-0: Foul Ball, location: 2F
0-1: Ground out 6-3 (Groundball, 6)
Bottom of the 7th over - 0 run(s), 0 hit(s), 0 error(s), 0 left on base; Calgary 0 - Albuquerque 0
TOP OF THE 8TH
Calgary Cowboys batting - Pitching for Albuquerque Isotopes : RHP Juan Marín
Now at 1B: Cristián Herrera
Batting: RHB Dan Wyatt 0-0: Ball
1-0: Ball
2-0: Foul Ball, location: 2F
2-1: Foul Ball, location: 2F
2-2: Ball
3-2: Base on Balls
Batting: RHB Mike Wilcox 0-0: Swinging Strike
0-1: Ground out 5-3 (Groundball, 56S)
Dan Wyatt to second
Pitching: RHP Howard Joyce
Batting: LHB Freddy Herrera 0-0: Swinging Strike
0-1: Called Strike
0-2: Strikes out swinging
Batting: RHB Mario Sánchez 0-0: Ball
1-0: Called Strike
1-1: Called Strike
1-2: Ball
2-2: Strikes out swinging
Top of the 8th over - 0 run(s), 0 hit(s), 0 error(s), 1 left on base; Calgary 0 - Albuquerque 0
BOTTOM OF THE 8TH
Albuquerque Isotopes batting - Pitching for Calgary Cowboys : LHP Jim Sheppard
Pitching: RHP Lorenzo Montáńez
Pinch Hitting: LHB Mark Vestal 0-0: Ball
1-0: Foul Ball, location: 2F
1-1: Swinging Strike
1-2: Foul Ball, location: 2F
1-2: Strikes out swinging
Batting: LHB António De Los Ángeles 0-0: Swinging Strike
0-1: Ground out 4-3 (Groundball, 4)
Pinch Hitting: LHB Juan Carlos Sánchez 0-0: Called Strike
0-1: Swinging Strike
0-2: Ball
1-2: Ball
2-2: Foul Ball, location: 2F
2-2: Strikes out swinging
Bottom of the 8th over - 0 run(s), 0 hit(s), 0 error(s), 0 left on base; Calgary 0 - Albuquerque 0
TOP OF THE 9TH
Calgary Cowboys batting - Pitching for Albuquerque Isotopes : RHP Howard Joyce
Pitching: LHP William Watson
Now at SS: Luis Martínez
Now in LF: Mark Vestal
Batting: RHB Shayne Burry 0-0: Called Strike
0-1: Foul Ball, location: 2F
0-2: Foul Ball, location: 2F
0-2: Foul Ball, location: 2F
0-2: Strikes out swinging
Batting: RHB Jesús Hernández 0-0: Called Strike
0-1: Swinging Strike
0-2: Foul Ball, location: 2F
0-2: Strikes out swinging
Batting: LHB Miguel Pérez 0-0: Ball
1-0: Ground out 5-3 (Groundball, 15S)
Top of the 9th over - 0 run(s), 0 hit(s), 0 error(s), 0 left on base; Calgary 0 - Albuquerque 0
BOTTOM OF THE 9TH
Albuquerque Isotopes batting - Pitching for Calgary Cowboys : RHP Lorenzo Montáńez
Batting: RHB Alden Isenhood 0-0: Ball
1-0: Ball
2-0: Ball
3-0: Base on Balls
Batting: LHB Fernando Ortíz 0-0: Called Strike
0-1: Ball
1-1: Ball
2-1: Ground out 4-3 (Groundball, 4M)
Alden Isenhood to second
Pinch Hitting: SHB Tony McLaughlin 0-0: Ball
1-0: Ball
2-0: Foul Ball, location: 2F
2-1: Ball
3-1: Foul Ball, location: 2F
3-2: SINGLE (Groundball, 25) (infield hit)
Alden Isenhood to third
Batting: LHB Bernardo Montés 0-0: Ball
1-0: Called Strike
1-1: Foul Ball, location: 2F
1-2: Ball
Passed Ball!
Alden Isenhood scores
Monday, December 5th, 2016 - OOTP Baseball 17.12 Build 75